 Dungeon Crawl Stone Soup version 0.31-a0-151-ge443d1f16c (webtiles) character file.

Game seed: 8988751856117966511

311 qw the Shooter (level 6, -9/52 HPs)
             Began as a Minotaur Hunter on June 8, 2023.
             Mangled by Duvessa
             ... wielding a +0 short sword
              (10 damage)
             ... on level 4 of the Dungeon.
             The game lasted 00:00:53 (1730 turns).

qw the Shooter (Minotaur Hunter)                    Turns: 1730, Time: 00:00:54

Health: -9/52      AC:  6    Str: 16    XL:     6   Next: 18%
Magic:  5/5        EV: 12    Int:  6    God:
Gold:   165        SH:  5    Dex: 15    Spells: 5/5 levels left

rFire   . . .        Y - +0 shortbow
rCold   . . .        (shield currently unavailable)
rNeg    . . .        c - +0 leather armour
rPois   .            (helmet restricted)
rElec   .            (no cloak)
rCorr   .            g - +0 pair of gloves
SInv    .            k - +0 pair of boots
Will    +....        d - amulet of reflection
Stlth   +            f - ring of willpower
HPRegen 0.28/turn    (no ring)
MPRegen 0.09/turn

%: reflection
@: no status effects
A: horns 2, retaliatory headbutt
a: no special abilities


You were on level 4 of the Dungeon.
You visited 1 branch of the dungeon, and saw 4 of its levels.

You collected 165 gold pieces.


Innate Abilities, Weirdness & Mutations

You have a pair of horns on your head.
You reflexively headbutt those who attack you in melee.


   Skills:
 - Level 4.2 Fighting
 + Level 6.0 Ranged Weapons
 - Level 4.8 Armour
 - Level 2.1 Dodging
 - Level 0.7 Stealth


You had 5 spell levels left.
You didn't know any spells.
Your spell library was empty.

Inventory:

Hand Weapons
 Y - a +0 shortbow (weapon)
Armour
 c - a +0 leather armour (worn)
 g - a +0 pair of gloves (worn)
 k - a +0 pair of boots (worn)
Jewellery
 b - a ring of fire
 d - an amulet of reflection (around neck)
 f - a ring of willpower (left hand)
Scrolls
 p - a scroll of identify
Potions
 a - a potion of resistance
 e - a potion of berserk rage {unknown}
 h - a potion of lignification {unknown}
 i - a potion of curing {unknown}
 m - a potion of haste {unknown}
 n - a potion of cancellation {unknown}

Dungeon Overview and Level Annotations

Branches:
Dungeon (4/15)
 Temple: D:4-7

Altars:

Annotations:
D:4 3 runed translucent doors, Duvessa; qw's ghost, amateur GrHu; qw's ghost, amateur MiHu


Message History

You resist with almost no effort.
Duvessa zaps a wand.
You block puff of flame... and reflect it back!
The puff of flame hits Duvessa.
You shoot an arrow. The arrow barely misses Duvessa.
Duvessa zaps a wand.
The puff of flame hits you. Duvessa misses you.
Dowan hits you but does no damage.
You shoot an arrow. The arrow hits Dowan.
Dowan is almost dead.
Duvessa barely misses you. You furiously retaliate!
You headbutt Duvessa. You block Dowan's attack.
You shoot an arrow. The arrow barely misses Dowan.
Duvessa zaps a wand.
The puff of flame hits you. Duvessa hits you with a +0 short sword.
Dowan hits you with a +0 dagger.
You shoot an arrow. The arrow barely misses Dowan.
Duvessa hits you with a +0 short sword.
Dowan points at you and mumbles some strange words.
The puff of frost hits you!
A quokka comes into view.
Duvessa zaps a wand.
The puff of flame hits you.
You shoot an arrow. The arrow closely misses Dowan.
Duvessa barely misses you. Dowan casts a spell at you.
You block puff of frost... and reflect it back!
The puff of frost hits Dowan.
You kill Dowan!
Duvessa screams, "No!
How DARE you!"
Duvessa goes berserk!
Your Fighting skill increases to level 4!
You shoot an arrow.
The arrow hits Duvessa but does no damage.
Duvessa is moderately wounded.
Duvessa closely misses you. The quokka closely misses you.
You block Duvessa's attack.
You shoot an arrow. The arrow hits Duvessa.
Duvessa is heavily wounded.
The quokka barely misses you. You furiously retaliate!
You headbutt the quokka. Duvessa hits you with a +0 short sword!
The quokka bites you but does no damage.
Duvessa hits you with a +0 short sword!
You die...

### ######### #..
......)e# #.# #@## #.#
#r.# #.#
.######.####.####
................#
..........#####>#######
#.........# #........
#.........# ##.......
#.........# #........
#.....>...# ###........


You could see Duvessa (berserk, fast) and a quokka.

Vanquished Creatures
  Sigmund (D:3)
  Dowan (D:4)
  3 adders
  3 dart slugs
  5 orcs
  5 bats
  8 endoplasms
  A giant cockroach (D:1)
  7 goblins
  6 hobgoblins
  3 jackals (D:4)
  3 kobolds
  5 quokkas
  5 ball pythons
  2 frilled lizards
  6 rats
64 creatures vanquished.

Notes
Turn   | Place    | Note
-------+----------+-------------------------------------------
     0 | D:1      | qw the Minotaur Hunter began the quest for the Orb.
     0 | D:1      | Reached XP level 1. HP: 18/18 MP: 0/0
     0 | D:1      | 0 ||| qw: Version: 0.2-a-120-gdf1a93b
     0 | D:1      | 0 ||| qw: Game counter: 3101
     0 | D:1      | 0 ||| qw: Always use a shield: true
     0 | D:1      | 0 ||| qw: God list: Okawaru
     0 | D:1      | 0 ||| qw: Allow faded altars: false
     0 | D:1      | 0 ||| qw: Do Orc after D:15 true
     0 | D:1      | 0 ||| qw: Do second Lair branch before Depths: true
     0 | D:1      | 0 ||| qw: Lair rune preference: random
     0 | D:1      | 0 ||| qw: Plans: Normal
     0 | D:1      | 0 ||| PLANNING D:1-11
    88 | D:1      | Reached XP level 2. HP: 25/25 MP: 1/1
   108 | D:1      | Reached skill level 5 in Ranged Weapons
   337 | D:1      | Reached skill level 3 in Fighting
   599 | D:1      | 599 ||| UPGRADING to ring of willpower.
   600 | D:1      | 600 ||| READING scroll labelled HAOGIP CIGA.
   601 | D:1      | 601 ||| READING scroll labelled JONGEG RAAJ.
   602 | D:1      | 602 ||| READING scroll labelled MUITAJIAFIZU.
   603 | D:1      | 603 ||| DROPPING scroll of butterflies.
   678 | D:2      | Reached XP level 3. HP: 31/31 MP: 2/2
  1022 | D:2      | 1022 ||| UPGRADING to +0 pair of gloves.
  1027 | D:2      | 1027 ||| DROPPING amulet of magic regeneration.
  1028 | D:2      | 1028 ||| UPGRADING to amulet of reflection.
  1033 | D:2      | 1033 ||| READING scroll labelled OWNUWN APLOIR.
  1310 | D:3      | Reached skill level 6 in Ranged Weapons
  1310 | D:3      | Reached XP level 4. HP: 38/38 MP: 3/3
  1339 | D:3      | Noticed Sigmund
  1360 | D:3      | Killed Sigmund
  1361 | D:3      | Reached XP level 5. HP: 19/45 MP: 4/4
  1461 | D:3      | Found a faded altar of an unknown god.
  1552 | D:3      | 1552 ||| UPGRADING to +0 pair of boots.
  1557 | D:3      | 1557 ||| DROPPING ring of wizardry.
  1558 | D:3      | 1558 ||| READING scroll labelled CATZACZ BIQUJOE.
  1559 | D:3      | 1559 ||| READING scroll labelled QIGIPI LIJAPNU.
  1560 | D:3      | 1560 ||| READING 3 scrolls of identify.
  1560 | D:3      | 1560 ||| IDENTIFYING sapphire potion
  1561 | D:3      | 1561 ||| READING 2 scrolls of identify.
  1561 | D:3      | 1561 ||| IDENTIFYING bubbling yellow potion
  1562 | D:3      | 1562 ||| DROPPING potion of brilliance.
  1651 | D:4      | Found a runed translucent gate.
  1652 | D:4      | Found a runed translucent gate.
  1652 | D:4      | Found a runed translucent gate.
  1653 | D:4      | Noticed qw's ghost (amateur MiHu)
  1653 | D:4      | Noticed qw's ghost (amateur GrHu)
  1676 | D:4      | Reached XP level 6. HP: 52/52 MP: 5/5
  1714 | D:4      | Noticed Duvessa
  1714 | D:4      | Noticed Dowan
  1715 | D:4      | 1715 ||| Stepping ~*~*~tactically~*~*~ (outnumbered).
  1727 | D:4      | HP: 12/52 [Duvessa/puff of flame (3)]
  1728 | D:4      | Killed Dowan
  1730 | D:4      | HP: 1/52 [Duvessa/+0 short sword (12)]
  1730 | D:4      | Mangled by Duvessa

Levels and vault maps discovered:
D:1:      minmay_arrival_arboretum_small, layout_basic
D:2:      layout_basic, minmay_misc_feat_rugged
D:3:      layout_basic, ebering_ecumenical_altar_petrified, eino_tiny_chamber,
          uniq_sigmund
D:4:      layout_rooms, gammafunk_ghost_cemetery, uniq_duvessa

Skill      XL: |  1  2  3  4  5  6 |
---------------+-------------------+-----
Ranged Weapons | 5 6 |  6.0
Fighting       | 3 4 |  4.2
Armour         | 4 |  4.8
Dodging        | |  2.1
Stealth        | |  0.7

Action                     |  1- 3 |  4- 6 || total
---------------------------+-------+-------++-------
   Fire: Shortbow          |   130 |    75 ||   205
    Use: Scroll            |     4 |     4 ||     8
 Armour: Leather armour    |     7 |     6 ||    13
  Dodge: Dodged            |    13 |    22 ||    35
  Block: Other             |     6 |    11 ||    17
         Reflection        |       |     2 ||     2

Table legend:
 A = Non-vault XP
 B = Vault XP
 C = Vault XP percentage of total XP
 D = Non-vault monster count
 E = Vault monster count
 F = Vault count percentage of total count
                 A         B        C        D         E       F
            +---------+---------+-------+---------+---------+-------
      Total |     156 |     289 |  64.9 |      62 |       2 |   3.1
            +---------+---------+-------+---------+---------+-------
        D:1 |      35 |       0 |   0.0 |      20 |       0 |   0.0
        D:2 |      31 |       0 |   0.0 |      16 |       0 |   0.0
        D:3 |      38 |     226 |  85.6 |      13 |       1 |   7.1
        D:4 |      52 |      63 |  54.8 |      13 |       1 |   7.1
            +---------+---------+-------+---------+---------+-------
